 Dungeon Crawl Stone Soup version 0.27.0-1-g7a089689b8 (webtiles) character file.

Game seed: 6543700345870375583

22027 ThereIsNoGod the Spear-Bearer (level 12, -12/97 HPs)
             Began as a Merfolk Gladiator on July 31, 2021.
             Was a Priest of Yredelemnul.
             Mangled by a boulder beetle (20 damage)
             ... on level 14 of the Dungeon.
             The game lasted 00:39:14 (26396 turns).

ThereIsNoGod the Spear-Bearer (Merfolk Gladiator)  Turns: 26396, Time: 00:39:16

Health: -12/97     AC: 19    Str: 21    XL:     12   Next: 96%
Magic:  18/18      EV: 11    Int:  8    God:    Yredelemnul [***...]
Gold:   14         SH:  0    Dex: 19    Spells: 11/11 levels left

rFire    + . .     SeeInvis .   F - +2 bardiche (flame)
rCold    . . .     Faith    .   (shield currently unavailable)
rNeg     + . .     Spirit   .   j - +0 plate armour {rF+}
rPois    .         Reflect  .   c - +0 helmet
rElec    .         Harm     .   D - scarf {+Inv}
rCorr    .         Rampage  .   Q - +1 pair of gloves
Will     .....                  H - +0 pair of boots
Stlth    ..........             u - amulet of magic regeneration
HPRegen  0.26/turn              x - ring of positive energy
MPRegen  0.41/turn              B - +6 ring of strength

@: no status effects
A: (nimble swimmer 2), mertail
a: Renounce Religion, Evoke Invisibility, Recall Undead Slaves, Injury Mirror,
Animate Dead


You were on level 14 of the Dungeon.
You worshipped Yredelemnul.
Yredelemnul was most pleased with you.
You visited 2 branches of the dungeon, and saw 15 of its levels.
You also visited: Sewer and Bailey.

You collected 931 gold pieces.
You spent 917 gold pieces at shops.

Inventory:

Hand Weapons
 a - a +1 trident
 F - a +2 bardiche of flaming (weapon)
Missiles
 d - 2 throwing nets (quivered)
Armour
 c - a +0 helmet (worn)
 j - a +0 plate armour of fire resistance (worn)
 D - a scarf of invisibility (worn)
 H - a +0 pair of boots (worn)
 Q - a +1 pair of gloves (worn)
Jewellery
 u - an amulet of magic regeneration (around neck)
 x - a ring of positive energy (left hand)
 B - a +6 ring of strength (right hand)
 L - a ring of resist corrosion
 M - a ring of see invisible
Wands
 y - a wand of mindburst (9)
 C - a wand of polymorph (3)
 G - a wand of flame (34)
 O - a wand of paralysis (2)
Scrolls
 f - 3 scrolls of enchant armour
 i - a scroll of amnesia {unknown}
 k - 2 scrolls of noise {unknown}
 l - 5 scrolls of teleportation
 n - 3 scrolls of magic mapping
 o - 7 scrolls of enchant weapon
 s - 2 scrolls of blinking {unknown}
 v - a scroll of vulnerability {unknown}
 z - a scroll of fog {unknown}
 A - 5 scrolls of identify
 I - a scroll of fear {unknown}
 K - 3 scrolls of acquirement
 N - 2 scrolls of immolation {unknown}
 P - a scroll of brand weapon {unknown}
Potions
 e - 2 potions of berserk rage
 g - 3 potions of magic
 h - 2 potions of degeneration {unknown}
 m - 2 potions of haste
 p - 2 potions of mutation
 q - 2 potions of might
 r - 2 potions of invisibility
 w - 2 potions of curing
 E - a potion of experience
Miscellaneous
 J - a condenser vane (inert)


   Skills:
 - Level 10.1 Fighting
 - Level 14.0 Polearms
 - Level 2.0 Throwing
 * Level 10.0 Armour
 * Level 10.0 Dodging
 * Level 8.8 Invocations


You had 11 spell levels left.
You didn't know any spells.
Your spell library contained the following spells:

 Spells                   Type           Power      Damage    Failure   Level
 Animate Skeleton         Necr           0%         N/A       100%        1
 Apportation              Tloc           0%         N/A       100%        1
 Corona                   Hex            0%         N/A       100%        1
 Freeze                   Ice            0%         1d3       100%        1
 Magic Dart               Conj           0%         1d3       100%        1
 Sandblast                Erth           0%         2d4       100%        1
 Summon Small Mammal      Summ           0%         N/A       100%        1
 Blink                    Tloc           N/A        N/A       100%        2
 Corpse Rot               Necr/Air       N/A        N/A       100%        2
 Passwall                 Tmut/Erth      0%         N/A       100%        2
 Poisonous Vapours        Pois/Air       0%         N/A       100%        2
 Searing Ray              Conj           0%         3d3       100%        2
 Slow                     Hex            0%         N/A       100%        2
 Call Canine Familiar     Summ           0%         N/A       100%        3
 Confusing Touch          Hex            0%         N/A       100%        3
 Inner Flame              Hex/Fire       0%         N/A       100%        3
 Summon Guardian Golem    Hex/Summ       0%         N/A       100%        3
 Vampiric Draining        Necr           0%         2d6       100%        3
 Cause Fear               Hex            0%         N/A       100%        4
 Fulminant Prism          Conj/Hex       0%         3d6       100%        4
 Freezing Cloud           Conj/Ice/Air   0%         6-21      100%        5
 Lee's Rapid Deconstruct  Erth           0%         3d5*      100%        5
 Manifold Assault         Tloc           0%         N/A       100%        5
 Storm Form               Tmut/Air       0%         N/A       100%        7
 Discord                  Hex            0%         N/A       100%        8


Dungeon Overview and Level Annotations

Branches:
Dungeon (14/15)            Temple (1/1) D:4            Lair (0/6) D:8
    Orc (0/2) D:9           Sewer (visited)          Bailey (visited)
 Vaults: D:13-14

Altars:
Ashenzari
Cheibriados
Dithmenos
Fedhas
Gozag
Hepliaklqana
Kikubaaqudgha
Makhleb
Nemelex Xobeh
Okawaru
Qazlal
Ru
Sif Muna
Trog
Uskayaw
Vehumet
Wu Jian
Xom
Yredelemnul
Zin
The Shining One
Jiyva
Lugonu

Shops:
D:5 :   D:13 (=?(

Annotations:
D:5 2 transporters, PaladinM's ghost, weakling DsFi
D:7 Harold
D:8 2 transporters, grindst0ne's ghost, novice PaFi
D:10 5 runed translucent doors, exclusion: orange crystal statue, Cleetus's ghost, novice DDFi


Innate Abilities, Weirdness & Mutations

((You are quick and stealthy near water. (Stealth+, EV+, Speed+++)))
Your lower body shifts to a powerful aquatic tail in water.


Message History

You slice the cyclops!! You burn the cyclops.
The cyclops is almost dead.
The cyclops hits you.
You slash the cyclops! You burn the cyclops.
You kill the cyclops!
Yredelemnul accepts your kill.
Your Armour skill increases to level 10!
You start resting.
A boulder beetle comes into view.
Things that are here:
5 large rocks; a cyclops corpse You start resting.
A boulder beetle is nearby!
The boulder beetle bites you but does no damage.
You hit the boulder beetle but do no damage.
The boulder beetle bites you!! x2
You slash the boulder beetle! You burn the boulder beetle.
The boulder beetle is moderately wounded.
The boulder beetle leaps!
The boulder beetle bites you but does no damage.
You slice the boulder beetle!! You burn the boulder beetle!
The boulder beetle is severely wounded.
The boulder beetle bites you!
You slash the boulder beetle! You burn the boulder beetle.
The boulder beetle is almost dead.
The boulder beetle bites you but does no damage. x2
You hit the boulder beetle but do no damage.
The boulder beetle is almost dead.
The boulder beetle closely misses you.
You hit the boulder beetle but do no damage.
The boulder beetle is almost dead.
The boulder beetle bites you!
* * * LOW HITPOINT WARNING * * *
You hit the boulder beetle but do no damage.
The boulder beetle is almost dead.
The boulder beetle bites you!
* * * LOW HITPOINT WARNING * * *
The boulder beetle bites you!!
You die...
Your body rises from the dead as a mindless zombie.

##### #...#
#..B#########
#<..@........
#####.######
#(# #.# #.#
#.# #.# ..#
#..


You could see a boulder beetle.

Vanquished Creatures
  3 boulder beetles
  2 two-headed ogres
  3 centaur warriors
  A tengu warrior (D:13)
  2 ugly things
  A cyclops (D:14)
  4 manticores
  A gargoyle (D:11)
  An unseen horror (D:12)
  A yaktaur (Bailey)
  A komodo dragon (D:9)
  2 trolls (D:10)
  7 slime creatures
  A wind drake (shapeshifter) (D:12)
  Sigmund (D:3)
  2 shadows
  A vampire (D:11)
  A wyvern (D:5)
  16 yaks
  2 wraiths (D:13)
  2 steam dragons
  A warg (D:9)
  20 orc warriors
  An ice beast (D:5)
  A black bear (D:6)
  2 necrophages
  An ogre (D:5)
  13 centaurs
  A phantom (D:7)
  4 kobold brigands
  5 bullfrogs
  7 scorpions
  A gnoll sergeant (D:11)
  A water moccasin zombie (D:4)
  5 killer bees (D:9)
  A jelly (D:7)
  2 vampire bats (D:10)
  6 wights
  4 centaur zombies
  A hound (D:5)
  8 orc priests
  2 centaur skeletons (D:6)
  2 gnoll shamans
  Jessica (D:3)
  2 iguanas
  7 orc wizards
  2 hound skeletons (D:5)
  A howler monkey zombie (D:9)
  15 gnolls
  A howler monkey skeleton (D:5)
  8 adders
  2 shadow imps (D:6)
  A white imp (D:8)
  An adder skeleton (D:4)
  A worm (D:3)
  48 orcs
  7 ball pythons
  4 bats
  3 bat skeletons (D:10)
  2 bat zombies (D:10)
  11 endoplasms
  3 giant cockroaches
  5 goblins
  8 hobgoblins
  9 jackals
  4 quokkas
  7 frilled lizards
  24 kobolds
  6 rats
327 creatures vanquished.

Vanquished Creatures (others)
  2 flying skulls (D:11)
  A mummy (D:13)
  6 fungi (D:8)
  21 plants
30 creatures vanquished.

Grand Total: 357 creatures vanquished

Notes
Turn   | Place    | Note
-------+----------+-------------------------------------------
     0 | D:1      | ThereIsNoGod the Merfolk Gladiator began the quest for the
                  | Orb.
     0 | D:1      | Reached XP level 1. HP: 16/16 MP: 1/1
   199 | D:1      | Reached skill level 5 in Polearms
   199 | D:1      | Reached XP level 2. HP: 16/23 MP: 2/2
   881 | D:1      | Reached XP level 3. HP: 28/28 MP: 3/3
   913 | D:1      | Found a faded altar of an unknown god.
   918 | D:1      | Got Plato's Papyrus of the Snowflakes
  1198 | D:2      | Reached skill level 6 in Polearms
  1259 | D:2      | Found a shimmering blue altar of Sif Muna.
  1673 | D:3      | Noticed Sigmund
  2077 | D:3      | Reached XP level 4. HP: 33/34 MP: 4/4
  2124 | D:3      | Found a glowing drain.
  2133 | Sewer    | Entered a sewer
  2190 | Sewer    | Noticed a kobold brigand
  2216 | Sewer    | Killed a kobold brigand
  2217 | Sewer    | Reached skill level 7 in Polearms
  2217 | Sewer    | Reached XP level 5. HP: 39/41 MP: 5/5
  2440 | Sewer    | Noticed a kobold brigand
  2471 | Sewer    | Killed a kobold brigand
  2472 | Sewer    | Reached skill level 8 in Polearms
  2711 | Sewer    | Noticed a kobold brigand
  2759 | Sewer    | Killed a kobold brigand
  2760 | Sewer    | Reached skill level 9 in Polearms
  2760 | Sewer    | Reached XP level 6. HP: 7/48 MP: 6/6
  3048 | D:3      | Noticed Jessica
  3053 | D:3      | Killed Jessica
  3461 | D:4      | Found a staircase to the Ecumenical Temple.
  3471 | Temple   | Entered the Ecumenical Temple
  3491 | Temple   | Became a worshipper of Yredelemnul the Dark
  3589 | D:4      | HP: 2/48 [gnoll (11)]
  3799 | D:4      | Reached XP level 7. HP: 27/54 MP: 7/7
  4021 | D:4      | HP: 1/54 [scorpion (3)]
  4024 | D:4      | Reached skill level 10 in Polearms
  4554 | D:3      | Killed Sigmund
  4555 | D:3      | Reached skill level 1 in Invocations
  4774 | D:3      | Found a glowing silver altar of Zin.
  5261 | D:3      | Reached skill level 5 in Fighting
  5575 | D:5      | Entered Level 5 of the Dungeon
  5732 | D:5      | Reached XP level 8. HP: 47/62 MP: 9/9
  5875 | D:5      | Found a hide-covered altar of Uskayaw.
  5913 | D:5      | Reached skill level 11 in Polearms
  5999 | D:5      | Found a sparkling altar of Nemelex Xobeh.
  6034 | D:5      | Found Laewoi's Self-Improvement Boutique.
  6051 | D:5      | Identified the +11 trident of Lies {venom, *Slow rF+ Dex+6}
  6060 | D:5      | Found a transporter.
  6110 | D:5      | Found a broken altar of Ashenzari.
  6137 | D:5      | Found a snail-covered altar of Cheibriados.
  6182 | D:5      | Noticed PaladinM's ghost (weakling DsFi)
  6190 | D:5      | Found a transporter.
  6398 | D:5      | Reached * piety under Yredelemnul
  6532 | D:5      | Noticed a wyvern
  6535 | D:5      | Killed a wyvern
  6536 | D:5      | Reached skill level 12 in Polearms
  7630 | D:6      | Reached XP level 9. HP: 65/71 MP: 10/12
  7731 | D:6      | Reached skill level 13 in Polearms
  8795 | D:6      | Found a shadowy altar of Dithmenos.
  8884 | D:7      | Noticed Harold
  8904 | D:7      | Found an ornate altar of the Wu Jian Council.
  9257 | D:7      | Noticed a gargoyle
  9285 | D:7      | Found an opulent altar of Gozag.
  9671 | D:7      | Reached skill level 5 in Invocations
 10326 | D:6      | Reached skill level 14 in Polearms
 12191 | D:6      | HP: 2/75 [poisoned by Harold]
 12612 | D:7      | Reached XP level 10. HP: 44/82 MP: 14/14
 12805 | D:7      | Reached skill level 5 in Dodging
 13033 | D:8      | Found a glowing golden altar of the Shining One.
 13033 | D:8      | Found a shimmering blue altar of Sif Muna.
 13337 | D:8      | Found a transporter.
 13337 | D:8      | Noticed grindst0ne's ghost (novice PaFi)
 13337 | D:8      | Identified the +2 dire flail "Juano" {flame, rElec Will+
                  | Str+8 Int-2}
 13337 | D:8      | Noticed a two-headed ogre
 13341 | D:8      | Found a transporter.
 13405 | D:8      | Reached ** piety under Yredelemnul
 14255 | D:8      | Found a staircase to the Lair.
 14494 | D:8      | Found a blossoming altar of Fedhas.
 14532 | D:8      | Found a stormy altar of Qazlal.
 15414 | D:9      | Reached skill level 10 in Fighting
 15603 | D:9      | Found a staircase to the Orcish Mines.
 15719 | D:9      | Identified the amulet of Jyh Pei {Reflect Harm Will+ Str+2
                  | SH+5}
 16218 | D:9      | Reached skill level 1 in Armour
 16910 | D:9      | Reached XP level 11. HP: 81/90 MP: 16/16
 17496 | D:10     | Entered Level 10 of the Dungeon
 17678 | D:10     | Found a runed translucent gate.
 17678 | D:10     | Found a runed translucent gate.
 17682 | D:10     | Found a runed translucent gate.
 17685 | D:10     | Noticed Cleetus's ghost (novice DDFi)
 18108 | D:10     | Found an ancient bone altar of Kikubaaqudgha.
 18185 | D:10     | Found a burning altar of Makhleb.
 18193 | D:10     | Found a runed translucent door.
 18201 | D:10     | Found the +10 tower shield of Ignorance {rN+ Int-4}
 18201 | D:10     | Noticed an orange crystal statue
 18216 | D:10     | Found a runed translucent door.
 18384 | D:10     | Found a viscous altar of Jiyva.
 18847 | D:10     | Found a radiant altar of Vehumet.
 18866 | D:10     | Noticed a two-headed ogre
 18879 | D:10     | Killed a two-headed ogre
 19301 | D:11     | Reached *** piety under Yredelemnul
 19302 | D:11     | Reached skill level 5 in Armour
 19327 | D:11     | Found a flagged portal.
 19345 | Bailey   | Entered a bailey
 20635 | Bailey   | Noticed an orc knight
 20701 | Bailey   | an orc knight changed into a yaktaur
 20951 | Bailey   | Identified the +5 executioner's axe of the Shrike {vorpal,
                  | rPois rF+ Stlth+}
 21042 | D:11     | Noticed a centaur warrior
 21046 | D:11     | Killed a centaur warrior
 21185 | D:11     | Noticed a boulder beetle
 22097 | D:11     | Noticed a five-headed hydra
 22213 | D:11     | Noticed a boulder beetle
 22316 | D:11     | Killed a boulder beetle
 22317 | D:11     | Reached XP level 12. HP: 30/97 MP: 18/18
 22568 | D:11     | HP: 4/97 [boulder beetle (47)]
 22569 | D:11     | Killed a boulder beetle
 22569 | D:11     | Received a gift from Yredelemnul (2 flying skulls)
 22757 | D:11     | Noticed a storm dragon
 22757 | D:11     | a five-headed hydra changed into a storm dragon
 23777 | D:12     | Noticed a two-headed ogre
 23785 | D:12     | Killed a two-headed ogre
 25274 | D:13     | Noticed a centaur warrior
 25280 | D:13     | Killed a centaur warrior
 25538 | D:13     | Noticed a centaur warrior
 25550 | D:13     | Noticed a boulder beetle
 25556 | D:13     | Killed a centaur warrior
 25556 | D:13     | Received a gift from Yredelemnul (a mummy)
 25574 | D:13     | Killed a boulder beetle
 25865 | D:13     | Noticed a tengu warrior
 25919 | D:13     | Killed a tengu warrior
 26238 | D:13     | Reached skill level 10 in Dodging
 26309 | D:13     | Found Amul's Weapon Boutique.
 26312 | D:13     | Found Ciemumne's Magic Scroll Boutique.
 26312 | D:13     | Found Tideoda's Jewellery Boutique.
 26313 | D:13     | Found Golaen's Antique Weapon Boutique.
 26321 | D:13     | Bought a scroll of identify for 28 gold pieces
 26321 | D:13     | Bought a scroll of acquirement for 728 gold pieces
 26321 | D:13     | Bought a scroll of teleportation for 42 gold pieces
 26321 | D:13     | Bought a scroll of teleportation for 42 gold pieces
 26321 | D:13     | Bought a scroll of magic mapping for 49 gold pieces
 26321 | D:13     | Bought a scroll of identify for 28 gold pieces
 26339 | D:13     | Noticed a seven-headed hydra
 26377 | D:14     | Reached skill level 10 in Armour
 26381 | D:14     | Noticed a boulder beetle
 26396 | D:14     | Mangled by a boulder beetle

Illustrated notes

Levels and vault maps discovered:
D:1:      lordsloth_arrival_two_stooges, layout_basic,
          shapermc_ecumenical_altar_rom_forum
D:2:      layout_basic, basic_altar, minmay_pentomino_t2
D:3:      layout_basic, zin_statuary, portal_sewer_entry_d, uniq_sigmund,
          uniq_jessica
D:4:      layout_cave_pools, minmay_temple_entry_enclosed_plants,
          nicolae_ossuary_entry_ruins, eino_tiny_chamber
D:5:      layout_basic, evilmike_ruin_ashenzari, lemuel_doored_altar,
          eat_drink_and_be_merry_uskayaw, nemelex_altar_shiori,
          gammafunk_ghost_gnarly_gnolls, nicolae_shop_self_help
D:6:      layout_rooms, grunt_dithmenos_shadows, kennysheep_cluttered_room
D:7:      layout_basic, nicolae_gozag_cash_rules_everything_around_me,
          nicolae_overflow_hidden_temple, kennysheep_nub, hex_large, uniq_harold
D:8:      layout_basic, nicolae_qazlal_eye_of_the_storm,
          mainiacjoe_overflow_brackets, gammafunk_temple_overflow_elements,
          grunt_lair_entry_orc_guard_hut, gammafunk_ghost_smash
D:9:      layout_gridville, david_orc_3
D:10:     layout_grid_maze, mainiacjoe_overflow_small_starburst,
          kennysheep_vampire_church, mainiacjoe_overflow_six_doors_small,
          gammafunk_ghost_ooze, minivault_1, chequers_guarded_unrand_ignorance
D:11:     layout_roguey, enter_bailey_4
D:12:     layout_stronghold
D:13:     layout_basic, nicolae_trove_entry_crystal, minmay_shop_grid_forest,
          grunt_ministairs_8
D:14:     layout_basic, skrybe_vaults_entry_preservation, serial_park_avenue1,
          serial_shops, nicolae_shop_crystal, hangedman_decor_peaks_small
Temple:   corrupted_temple

Skill      XL: |  1  2  3  4  5  6  7  8  9 10 11 12 |
---------------+-------------------------------------+-----
Polearms       | 5 6 7 9 10 12 14 | 14.0
Fighting       | 3 4 5 6 8 10 | 10.1
Invocations    | 2 4 5 7 8 |  8.8
Dodging        | 8 9 10 | 10.0
Armour         | 2 7 10 | 10.0
Throwing       | |  2.0

Action                   |  1- 3 |  4- 6 |  7- 9 | 10-12 || total
-------------------------+-------+-------+-------+-------++-------
Melee: Trident           |   120 |   149 |   494 |   629 ||  1392
       Tailslap          |       |    11 |       |    23 ||    34
       Bardiche          |       |       |       |   210 ||   210
Throw: Throwing net      |       |       |     2 |     1 ||     3
 Abil: Evoke Invisibilit |       |       |       |     2 ||     2
Evoke: Wand              |       |       |    11 |    29 ||    40
       Condenser vane    |       |       |       |     1 ||     1
  Use: Potion            |       |     1 |     7 |     1 ||     9
       Scroll            |       |     3 |     4 |     4 ||    11
 Stab: Sleeping          |       |     1 |     2 |     1 ||     4
       Held in net/web   |       |       |     2 |       ||     2
       Invisible         |       |       |       |     3 ||     3
       Paralysed         |       |       |       |     2 ||     2
Armor: Leather armour    |    24 |    18 |    81 |    15 ||   138
       Plate armour      |       |       |       |   331 ||   331
Dodge: Dodged            |    62 |    83 |   226 |   405 ||   776
